Map: [ESL] Babylon

Players

Spirit (souL) - Winner!

  • Race: Terran Terran
  • League: Master
  • Spawn Location: 5:00

ShoWTimE

  • Race: Protoss Protoss
  • League: Grandmaster
  • Spawn Location: 11:00

Event: HomeStory Cup XXIII

VOD

Have the link to the VOD?

Description

Time

  • Played on: July 1, 2023, 1:46 p.m.
  • Length: 11:38

All games in this series

Show
View Real Time Build Order
Export as new Build Order

Spirit Terran - Winner!

Build Orders:  

Get SALT Encoding   

  12  0:00  SCV  
  13  0:12  SCV  
  14  0:17  Supply Depot  
  14  0:24  SCV  
  15  0:38  SCV  
  15  0:41  Barracks  
  16  0:44  Refinery  
  16  0:50  SCV  
  17  1:03  SCV  
  18  1:15  SCV  
  19  1:27  Marine  
  19  1:28  Orbital Command  
  20  1:41  Command Center  
  20  1:50  Factory  
  20  1:54  SCV  
  21  1:59  Refinery  
  21  2:03  Barracks Reactor  
  21  2:08  SCV  
  22  2:11  Supply Depot  
  22  2:20  SCV  
  23  2:33  SCV  
  23  2:34  Widow Mine  
  23  2:36  Starport  
  26  2:40  Marine x2  
  28  2:45  SCV  
  29  2:52  Orbital Command  
  29  2:56  Factory Tech Lab  
  29  2:57  SCV  
  30  3:01  Marine x2  
  32  3:09  SCV  
  33  3:18  SCV  
  34  3:20  Banshee  
  34  3:26  Marine  
  38  3:29  Factory Tech Lab, Supply Depot  
  38  3:30  SCV  
  38  3:33  SCV  
  40  3:38  Bunker  
  40  3:43  Barracks, SCV  
  40  3:46  SCV  
  42  3:55  SCV  
  42  3:58  SCV, Supply Depot  
  44  4:03  Barracks  
  44  4:08  SCV  
  44  4:09  Supply Depot  
  45  4:10  SCV  
  45  4:12  Viking  
  48  4:17  Marine  
  48  4:19  Marine  
  48  4:20  SCV  
  48  4:23  SCV  
  52  4:26  Engineering Bay  
  52  4:32  SCV  
  52  4:34  Supply Depot  
  52  4:35  SCV  
  52  4:37  Stimpack, Marine  
  52  4:38  Marine x2  
  55  4:43  Factory Reactor  
  55  4:44  SCV  
  58  4:47  SCV  
  58  4:51  Starport Reactor  
  59  4:55  Terran Infantry Weapons Level 1  
  59  4:56  Marine x2, Missile Turret, SCV  
  59  4:58  Marine, Refinery  
  59  4:59  SCV  
  64  5:01  Combat Shield  
  64  5:05  Marauder  
  66  5:08  SCV  
  66  5:11  SCV  
  66  5:14  Marine x2, Refinery  
  68  5:15  Supply Depot  
  68  5:16  Marine  
  71  5:26  Marauder  
  77  5:29  Medivac x2  
  77  5:31  SCV  
  78  5:35  Supply Depot  
  78  5:36  Marine, SCV  
  78  5:37  Widow Mine, Marine  
  78  5:38  Supply Depot  
  85  5:43  Marauder  
  85  5:47  SCV  
  86  5:56  Command Center  
  86  5:57  Marine x3  
  91  6:04  Marauder  
  91  6:06  Medivac  
  91  6:07  Medivac  
  95  6:12  Widow Mine  
  95  6:15  Marine, Marauder  
  95  6:17  Concussive Shells  
  100  6:18  SCV x2, Supply Depot  
  100  6:20  Supply Depot  
  100  6:23  Widow Mine  
  106  6:25  Marauder  
  106  6:29  Marine  
  106  6:30  SCV  
  108  6:33  Widow Mine  
  110  6:40  Marine, Marauder  
  110  6:45  Widow Mine, SCV  
  112  6:48  Barracks, SCV  
  112  6:49  Barracks  
  112  6:50  Marine  
  112  6:52  Marauder  
  116  6:55  Widow Mine  
  116  6:57  Marine  
  118  7:02  SCV  
  118  7:06  Widow Mine, Medivac  
  117  7:10  Orbital Command  
  114  7:16  Widow Mine  
  114  7:17  SCV  
  114  7:20  SCV  
  118  7:23  Marine, Marauder x2  
  118  7:26  Marine  
  118  7:27  Ghost Academy  
  118  7:29  SCV  
  125  7:34  Orbital Command, Medivac  
  125  7:36  Medivac  
  129  7:37  Barracks Reactor  
  129  7:38  Barracks Tech Lab  
  129  7:43  Starport, SCV  
  130  7:44  Marauder  
  130  7:47  Terran Infantry Armor Level 1  
  130  7:51  Marine, Marauder  
  132  7:53  SCV  
  136  7:58  Supply Depot  
  133  8:06  Ghost  
  133  8:09  Ghost  
  133  8:11  SCV x2  
  137  8:13  SCV  
  138  8:20  Ghost  
  138  8:23  SCV x2  
  138  8:26  SCV  
  142  8:32  Marine  
  142  8:34  Viking x2  
  145  8:36  Marauder  
  145  8:40  Marine  
  148  8:43  Viking, Supply Depot  
  148  8:44  Marauder, Supply Depot  
  148  8:45  Viking  
  154  8:51  Marine, Marauder  
  157  9:02  Marine x2  
  157  9:03  Marauder, Viking  
  157  9:08  Viking  
  158  9:10  SCV x3  
  158  9:13  Marine  
  158  9:15  Viking  
  161  9:17  Marine, Marauder  
  161  9:18  Command Center  
  161  9:22  SCV  
  165  9:30  Marine, Refinery, Marauder x2  
  169  9:31  Marine, Refinery  
  169  9:33  Marine  
  169  9:37  Marine  
  164  9:39  Marine  
  157  9:47  Marine  
  157  9:49  Marine  
  157  9:50  Liberator  
  157  9:52  Marauder x2  
  162  9:54  SCV x2  
  162  9:57  Marauder  
  162  9:58  SCV  
  167  10:06  SCV  
  169  10:07  SCV  
  169  10:10  SCV  
  169  10:13  Armory  
  170  10:17  Marine  
  170  10:18  Marauder, SCV  
  170  10:19  SCV  
  175  10:22  SCV  
  175  10:24  Marine, Marauder  
  177  10:29  Marine  
  177  10:30  Marauder  
  177  10:31  SCV  
  181  10:37  Marine  
  181  10:40  Planetary Fortress  
  181  10:41  Marine x2  
  165  10:50  SCV x2, Marauder, Marine  
  165  10:51  SCV  
  165  10:53  Marine  
  170  10:59  Marine  
  170  11:02  SCV x2  
  170  11:03  SCV  
  174  11:08  Marine  
  174  11:10  Marine  
  174  11:12  Marine  
  174  11:13  Marine  
  174  11:14  SCV x2, Marauder  
  171  11:20  Marine  
  171  11:22  SCV  
Show
View Real Time Build Order
Export as new Build Order

ShoWTimE Protoss 

Build Orders: 1 Gate Expand, Oracle Opening 

Get SALT Encoding   

  12  0:00  Probe  
  13  0:12  Probe  
  14  0:17  Pylon  
  14  0:24  Probe (Chrono Boost)  
  15  0:36  Probe (Chrono Boost)  
  15  0:38  Gateway  
  16  0:44  Probe (Chrono Boost)  
  16  0:48  Assimilator  
  17  0:51  Probe  
  18  1:03  Probe  
  19  1:15  Probe  
  20  1:25  Cybernetics Core  
  20  1:33  Nexus  
  20  1:36  Probe  
  21  1:43  Pylon  
  21  1:48  Probe  
  21  1:51  Assimilator  
  22  1:59  Adept (Chrono Boost)  
  22  2:00  Probe  
  25  2:12  Probe  
  26  2:18  Stargate  
  26  2:19  Adept (Chrono Boost)  
  28  2:25  Probe  
  29  2:31  Warp Gate  
  30  2:38  Probe (Chrono Boost)  
  30  2:44  Adept  
  30  2:45  Probe (Chrono Boost)  
  34  2:54  Probe (Chrono Boost)  
  34  2:55  Probe (Chrono Boost)  
  35  3:00  Probe (Chrono Boost)  
  35  3:01  Probe, Oracle (Chrono Boost)  
  40  3:06  Pylon  
  40  3:11  Probe  
  41  3:13  Probe  
  41  3:15  Adept  
  44  3:23  Probe  
  44  3:25  Probe, Gateway  
  46  3:35  Probe  
  46  3:36  Oracle (Chrono Boost)  
  46  3:37  Probe  
  46  3:39  Pylon  
  51  3:44  Assimilator  
  51  3:48  Probe  
  52  3:49  Probe  
  53  4:00  Probe  
  53  4:01  Probe  
  55  4:08  Nexus  
  55  4:10  Phoenix  
  55  4:12  Probe  
  55  4:13  Probe  
  59  4:17  Shield Battery  
  59  4:22  Shield Battery  
  60  4:24  Probe  
  60  4:26  Probe  
  60  4:27  Pylon  
  61  4:31  Assimilator  
  61  4:34  Robotics Facility  
  61  4:36  Probe  
  62  4:41  Twilight Council  
  63  4:45  Probe  
  63  4:48  Probe  
  63  4:49  Gateway  
  64  4:54  Gateway  
  64  4:57  Probe  
  64  4:59  Gateway  
  65  5:03  Probe, Pylon  
  66  5:09  Probe  
  66  5:12  Charge (Chrono Boost), Sentry  
  69  5:15  Probe  
  69  5:21  Observer  
  70  5:22  Probe  
  70  5:24  Sentry  
  70  5:25  Probe  
  70  5:27  Shield Battery  
  70  5:28  Probe  
  76  5:34  Probe, Phoenix (Chrono Boost), Immortal  
  79  5:37  Probe  
  79  5:40  Probe  
  85  5:46  Probe  
  85  5:47  Zealot, Sentry  
  85  5:49  Probe  
  91  5:52  Probe, Pylon  
  91  5:56  Pylon  
  92  6:10  Phoenix, Pylon  
  92  6:11  Pylon, Zealot x2  
  94  6:12  Zealot  
  94  6:15  Zealot x2  
  103  6:22  Pylon  
  103  6:23  Pylon  
  103  6:26  Immortal (Chrono Boost)  
  103  6:27  Robotics Bay  
  107  6:35  Phoenix (Chrono Boost), Zealot  
  107  6:36  Pylon  
  111  6:41  Zealot x3  
  117  6:47  Zealot  
  119  6:57  Phoenix (Chrono Boost)  
  119  6:59  Pylon  
  121  7:06  Pylon  
  121  7:14  Robotics Bay  
  121  7:15  Phoenix, Probe x3  
  122  7:17  Robotics Facility  
  122  7:20  Assimilator  
  122  7:22  Zealot x4  
  130  7:23  Assimilator  
  130  7:24  Colossus (Chrono Boost)  
  130  7:27  Probe  
  130  7:28  Probe  
  130  7:29  Probe  
  139  7:40  Phoenix, Probe x2  
  139  7:43  Pylon  
  143  7:45  Forge  
  143  7:47  Forge  
  143  7:48  Extended Thermal Lance  
  143  7:53  Zealot  
  143  7:54  Zealot x2  
  149  8:00  Pylon  
  149  8:04  Zealot x2  
  153  8:10  Colossus (Chrono Boost)  
  153  8:13  Colossus (Chrono Boost)  
  153  8:18  Protoss Ground Armor Level 1 (Chrono Boost)  
  165  8:22  Protoss Ground Weapons Level 1 (Chrono Boost)  
  165  8:28  Pylon  
  165  8:31  Nexus  
  163  8:38  Probe x3  
  163  8:40  Pylon  
  166  8:44  Zealot x3  
  166  8:47  Blink  
  172  8:50  Probe  
  172  8:54  Stalker x2  
  172  8:55  Probe  
  164  8:59  Photon Cannon  
  164  9:00  Observer  
  163  9:06  Probe (Chrono Boost)  
  163  9:08  Probe (Chrono Boost)  
  163  9:09  Stalker x2  
  167  9:18  Probe (Chrono Boost)  
  167  9:19  Probe (Chrono Boost)  
  167  9:21  Probe (Chrono Boost)  
  165  9:26  Probe (Chrono Boost)  
  165  9:27  Probe (Chrono Boost)  
  165  9:29  Probe (Chrono Boost)  
  154  9:32  Probe  
  154  9:33  Stalker x2  
  154  9:35  Probe  
  160  9:38  Probe  
  160  9:39  Stalker  
  160  9:44  Probe  
  148  9:46  Disruptor (Chrono Boost)  
  148  9:47  Zealot x2  
  148  9:48  Probe  
  148  9:49  Probe  
  137  9:56  Probe  
  137  9:57  Probe  
  137  9:59  Disruptor (Chrono Boost)  
  140  10:02  Stalker x2  
  140  10:05  Stalker  
  146  10:07  Probe  
  147  10:15  Disruptor  
  147  10:18  Zealot x2  
  154  10:25  Zealot x2  
  154  10:34  Zealot  
  140  10:44  Zealot x2  
  136  10:50  Disruptor  
  136  10:56  Nexus  
  135  10:58  Zealot x3  
  141  11:07  Stalker x2  
  145  11:17  Shield Battery  
  145  11:18  Stalker x3  
  145  11:24  Shield Battery  
  149  11:30  Forge  
  149  11:32  Forge  
Tags
 
Add a new tag
Caveats
  • Supply blocks, unpowered buildings, or Contaminate may cause inaccurate times.
  • Supply counts are checked every 10 seconds.